 Dungeon Crawl Stone Soup version 0.30-a0-900-g23479c02f2 (webtiles) character file.

Game seed: 2959603189724759220

51 cforsyth the Trooper (level 3, 0/37 HPs)
             Began as an Ogre Gladiator on Mar 19, 2023.
             Was a Follower of Qazlal.
             Slain by Sigmund
             ... wielding a +4 scythe
              (9 damage)
             ... on level 2 of the Dungeon.
             The game lasted 00:02:17 (933 turns).

cforsyth the Trooper (Ogre Gladiator)                Turns: 933, Time: 00:02:17

Health: 0/37       AC:  6    Str: 20    XL:     3   Next: 83%
Magic:  3/3        EV: 10    Int:  9    God:    Qazlal [*.....]
Gold:   69         SH:  2    Dex: 10    Spells: 2/2 levels left

rFire   . . .      SeeInvis .    a - +0 war axe
rCold   . . .      Faith    .    (no shield)
rNeg    . . .      Spirit   .    b - +0 robe
rPois   .          Reflect  .    c - +0 hat
rElec   .          Rampage  .    k - +2 cloak
rCorr   .                        (gloves unavailable)
Will    .....                    (boots unavailable)
Stlth   +                        (no amulet)
HPRegen 0.26/turn                (no ring)
MPRegen 0.08/turn                (no ring)

@: mighty
A: large, unfitting armour, tough skin 1
a: Renounce Religion


You were on level 2 of the Dungeon.
You worshipped Qazlal.
Qazlal was aware of your devotion.
You visited 1 branch of the dungeon, and saw 2 of its levels.

You collected 69 gold pieces.

Inventory:

Hand Weapons
 a - a +0 war axe (weapon)
Missiles
 d - 3 throwing nets (quivered)
 e - a large rock
Armour
 b - a +0 robe (worn)
 c - a +0 hat (worn)
 k - a +2 cloak (worn)
Jewellery
 f - a ring of protection from fire
Scrolls
 g - a scroll of teleportation {unknown}
 h - a scroll of amnesia {unknown}
 i - a scroll of fog {unknown}
 j - a scroll of magic mapping {unknown}
 n - a scroll of identify {unknown}
 o - a scroll of blinking {unknown}


   Skills:
 + Level 3.5 Fighting
 + Level 3.4 Axes
 + Level 2.6 Throwing
 + Level 3.1 Dodging


You had 2 spell levels left.
You didn't know any spells.
Your spell library was empty.

Dungeon Overview and Level Annotations

Branches:
Dungeon (2/15)

Altars:
Qazlal

Annotations:
D:2 Sigmund


Innate Abilities, Weirdness & Mutations

You are too large for most types of armour.
You have tough skin. (AC +1)


Message History

No target in view!
No target in view!
No target in view!
No target in view!
You see here a bat corpse.
You see here a bat corpse.
You see here a ball python corpse.
Found an escape hatch in the floor.
You hear a shout!
Sigmund the Dreaded comes into view.
He is wielding a +4 scythe.
Sigmund is nearby!
Sigmund is nearby!
Sigmund mumbles some strange words.
Sigmund flickers and vanishes!
Deactivating autopickup; reactivate with Ctrl-A.
No target in view!
You hear some strange, mumbled words.
Something tries to affect you, but you resist.
You miss something. Something hits you!
You closely miss something. Something hits you.
You hit something. Something hits you but does no damage.
You closely miss something. Something hits you!
You miss something.
You hear some strange, mumbled words.
You are confused.
You bump into the rock wall.
Something hits you but does no damage.
You miss something. You closely miss something. Something hits you.
You miss something.
You feel less confused.
You hear some strange, mumbled words.
A puff of flame appears from out of thin air!
The puff of flame hits you.
* * * LOW HITPOINT WARNING * * *
Something hits you.
* * * LOW HITPOINT WARNING * * *
It was a potion of magic.
Magic courses through your body.
You feel very mighty all of a sudden. Something hits you!
You die...

... ... #.. #.# ##
##### #.# #. ...# #.#
#. ####.#########.#
#>#{##..†.......##...
#...@..##.#####...[.#
###.#####†# ####.##
#.#####.# #†##
#.......# #.##
######### #.## #...
#### # #


There were no monsters in sight!

Vanquished Creatures
  2 adders (D:2)
  2 giant cockroaches (D:1)
  4 goblins
  4 hobgoblins
  3 kobolds (D:1)
  2 quokkas (D:1)
  2 ball pythons (D:2)
  9 bats
  A frilled lizard (D:1)
  2 rats (D:1)
31 creatures vanquished.

Notes
Turn   | Place    | Note
-------+----------+-------------------------------------------
     0 | D:1      | cforsyth the Ogre Gladiator began the quest for the Orb.
     0 | D:1      | Reached XP level 1. HP: 22/22 MP: 1/1
   100 | D:1      | Found a faded altar of an unknown god.
   135 | D:1      | Prayed at the altar of an unknown god.
   135 | D:1      | Became a worshipper of Qazlal Stormbringer
   135 | D:1      | Reached * piety under Qazlal
   182 | D:1      | Reached XP level 2. HP: 29/29 MP: 2/2
   649 | D:2      | Reached XP level 3. HP: 37/37 MP: 3/3
   920 | D:2      | Noticed Sigmund
   933 | D:2      | Slain by Sigmund

Illustrated notes

Levels and vault maps discovered:
D:1:      eino_arrival_cavern_b, layout_rooms, nicolae_ecumenical_lake_church,
          kennysheep_doodads, minmay_pentomino_q2
D:2:      layout_loops_cross, uniq_sigmund, uniq_natasha

Skill      XL: |  1  2 |
---------------+-------+-----
Fighting       | 3 |  3.5
Dodging        | 3 |  3.1
Axes           | |  3.4
Throwing       | |  2.6

Action                     || total
---------------------------++-------
  Melee: War axe           ||    94
         Punch             ||     1
    Use: Potion            ||     5
 Armour: Robe              ||    50
  Dodge: Dodged            ||    79
  Block: Other             ||     1

Table legend: (Time is in decaauts)
 A = Elapsed time spent in this place.
 B = Non-inter-level travel time spent in this place.
 C = Inter-level travel time spent in this place.
 D = Time resting spent in this place.
 E = Time spent auto-exploring this place.
 F = Levels seen in this place.
 G = Mean time per level.
                   A        B        C        D        E       F      G
               +--------+--------+--------+--------+--------+-----+--------+
         Total |    965 |    928 |     37 |      0 |    664 |   2 |  482.5 |
       Dungeon |    965 |    928 |     37 |      0 |    664 |   2 |  482.5 |
               +--------+--------+--------+--------+--------+-----+--------+

Top non-repeatable levels by time:
     D:1: 645 daAuts
     D:2: 319 daAuts
